 Dungeon Crawl Stone Soup version 0.30.1-9-gdf580d7c3d (webtiles) character file.

Game seed: 16601358585696745263

802 Ijustatesigmund the Digger (level 7, -1/41 HPs)
             Began as a Gargoyle Earth Elementalist on Oct 10, 2023.
             Killed from afar by Blork the orc (9 damage)
             ... with a puff of flame
             ... on level 5 of the Dungeon.
             The game lasted 00:09:18 (4985 turns).

Ijustatesigmund the Digger (GrEE)                   Turns: 4985, Time: 00:09:18

Health: -1/41      AC:  9    Str: 14    XL:     7   Next: 90%
Magic:  13/13      EV: 11    Int: 18    God:
Gold:   106        SH:  0    Dex: 10    Spells: 10/14 levels left

rFire   . . .        u - +7 quarterstaff "Yret" {elec, Str+3}
rCold   . . .        (shield currently unavailable)
rNeg    + . .        a - +0 animal skin
rPois   ∞            j - +0 helmet
rElec   +            D - +1 cloak
rCorr   .            (no gloves)
SInv    .            (no boots)
Will    .....        (no amulet)
Stlth   ++           (no ring)
HPRegen 0.26/turn    (no ring)
MPRegen 0.13/turn

%: no passive effects
@: hasted, very quick
A: sickness immunity, AC +4, negative energy resistance 1, electricity
resistance, torment resistance 1, petrification resistance
a: no special abilities


You were on level 5 of the Dungeon.
You visited 2 branches of the dungeon, and saw 6 of its levels.

You collected 223 gold pieces.
You spent 117 gold pieces at shops.

Inventory:

Hand Weapons
 f - a +4 hammer of holy wrath
 u - the +7 quarterstaff "Yret" (weapon) {elec, Str+3}
   (You found it on level 3 of the Dungeon)

   Str:       It affects your strength (+3).
Armour
 a - a +0 animal skin (worn)
 j - a +0 helmet (worn)
 D - a +1 cloak (worn)
Wands
 i - a wand of flame (13)
 v - a wand of roots (6)
 y - a wand of polymorph (8)
 C - a wand of charming (14)
Scrolls
 d - 2 scrolls of vulnerability {unknown}
 k - 2 scrolls of brand weapon {unknown}
 m - a scroll of poison {unknown}
 o - a scroll of enchant armour {unknown}
 p - 2 scrolls of immolation {unknown}
 s - a scroll of acquirement {unknown}
 w - 3 scrolls of fear {unknown}
 A - a scroll of blinking {unknown}
 B - a scroll of teleportation {unknown}
 E - a scroll of magic mapping {unknown}
Potions
 b - 2 potions of magic
 c - 3 potions of attraction
 e - 3 potions of curing
 g - a potion of haste
 l - 2 potions of ambrosia
 n - a potion of brilliance
 q - a potion of might {unknown}
 r - a potion of mutation {unknown}
 t - a potion of flight {unknown}
 x - 2 potions of berserk rage {unknown}
 z - 2 potions of lignification {unknown}


   Skills:
 - Level 3.0 Fighting
 + Level 2.2 Staves
 - Level 1.5 Dodging
 - Level 2.1 Stealth
 + Level 4.0 Spellcasting
 * Level 5.3 Conjurations
 - Level 0.7 Transmutations
 + Level 6.0 Earth Magic


You had 10 spell levels left.
You knew the following spells:

 Your Spells              Type           Power      Damage    Failure   Level
a - Sandblast             Erth           50%        2d12      1%          1
b - Stone Arrow           Conj/Erth      48%        3d10      4%          3

Your spell library contained the following spells:

 Spells                   Type           Power      Damage    Failure   Level
 Passwall                 Tmut/Erth      12%        N/A       5%          2
 Petrify                  Tmut/Erth      15%        N/A       36%         4


Dungeon Overview and Level Annotations

Branches:
Dungeon (5/15)             Temple (1/1) D:4

Altars:
Ashenzari
Cheibriados
Dithmenos
Elyvilon
Hepliaklqana
Kikubaaqudgha
Makhleb
Nemelex Xobeh
Okawaru
Qazlal
Ru
Sif Muna
Trog
Uskayaw
Wu Jian
Yredelemnul
Zin
The Shining One

Shops:
D:3 (*   D:4 (!

Annotations:
D:5 Blork the orc


Innate Abilities, Weirdness & Mutations

You are immune to sickness and miasma.
Your stone body is resilient. (AC +4)
You are immune to poison.
You resist negative energy. (rN+)
You are resistant to electric shocks. (rElec)
You are resistant to unholy torment.
You are immune to petrification.


Message History

n - a potion of brilliance
(D) Dungeon (T) Temple
Where to? (Enter - D:4, ? - help)
There is a stone staircase leading down here.
You climb downwards.
Found 6 stones and 5 gold pieces.
There is a stone staircase leading up here.
A dart slug is nearby!
You climb upwards.
There is a stone staircase leading down here.
Done exploring.
You climb downwards.
There is a stone staircase leading up here.
A dart slug is nearby!
A hound comes into view.
Blork the orc comes into view.
He is wielding a +0 battleaxe.
Found a scroll labelled GETOPI NONA and a ring mail.
Blork the orc shouts!
The hound barks!
Found a book of Callings and a robe.
Blork the orc hits you with a +0 battleaxe!
The dart slug closely misses you.
You hit Blork the orc.
Blork the orc is lightly wounded.
Blork the orc barely misses you. The hound barely misses you.
The dart slug launches a dart at you.
The slug dart hits you but does no damage.
You closely miss Blork the orc.
Blork the orc is lightly wounded.
The hound bites you. Blork the orc misses you. The hound completely misses you.
The dart slug bites you. Blork the orc attacks as you move away!
Blork the orc hits you with a +0 battleaxe!
* * * LOW HITPOINT WARNING * * *
You feel yourself speed up.
Blork the orc hits you but does no damage.
An ogre comes into view. It is wielding a +0 giant spiked club.
Found a stone staircase leading up.
Blork the orc casts a spell at you. The puff of flame hits you!
You die...

... .. .######
#<# O......
.... . #.....#
.#. #..
......#..#..#
#.#...#..#..
#...#@.#..# #
#..#..#..# #.
##........
#..####.#######
#.....#o#
##.##<#h##
#.....w..#
#..##.#..# #.
#w#(.#


You could see Blork the orc, a hound and a dart slug.

Vanquished Creatures
  Grinder (D:3)
  Sigmund (D:2)
  Eustachio (D:4)
  A scorpion (D:4)
  Crazy Yiuf (D:3)
  A gnoll bouda (D:2)
  Jessica (D:3)
  An iguana (D:4)
  Robin (D:2)
  4 gnolls (D:2)
  2 adders
  A white imp (D:3)
  2 worms
  A dart slug (D:3)
  6 bats
  3 endoplasms
  5 giant cockroaches
  18 goblins
  8 hobgoblins
  7 jackals
  5 quokkas
  3 ball pythons
  A frilled lizard (D:1)
  6 kobolds
  5 rats
86 creatures vanquished.

Notes
Turn   | Place    | Note
-------+----------+-------------------------------------------
     0 | D:1      | Ijustatesigmund the Gargoyle Earth Elementalist began the
                  | quest for the Orb.
     0 | D:1      | Reached XP level 1. HP: 10/10 MP: 3/3
   134 | D:1      | Reached XP level 2. HP: 16/16 MP: 3/5
   175 | D:1      | Reached skill level 1 in Fighting
   415 | D:1      | Reached skill level 4 in Earth Magic
   747 | D:1      | Found a faded altar of an unknown god.
   754 | D:1      | Reached XP level 3. HP: 20/20 MP: 4/6
   758 | D:1      | Learned a level 3 spell: Stone Arrow
  1037 | D:2      | Noticed Robin
  1207 | D:2      | Killed Robin
  1208 | D:2      | Reached skill level 1 in Conjurations
  1300 | D:2      | Reached XP level 4. HP: 26/26 MP: 3/7
  1896 | D:2      | Noticed Sigmund
  1900 | D:2      | Killed Sigmund
  1901 | D:2      | Reached skill level 5 in Earth Magic
  1901 | D:2      | Reached XP level 5. HP: 31/31 MP: 1/9
  1901 | D:2      | Reached XP level 6. HP: 36/36 MP: 1/10
  2661 | D:3      | Found Qissin's Assorted Antiques.
  2678 | D:3      | Bought a bubbling pink potion for 21 gold pieces
  2678 | D:3      | Bought a scroll labelled DUYXKO YNYT for 24 gold pieces
  2678 | D:3      | Bought a scroll labelled QEMIKH UTEDEA for 24 gold pieces
  3233 | D:3      | Identified the +7 quarterstaff "Yret" {elec, Str+3}
  3284 | D:3      | Noticed Jessica
  3288 | D:3      | Killed Jessica
  3374 | D:3      | Found Akuotu's Antique Weapon Boutique.
  3503 | D:3      | Found a runed translucent door.
  3504 | D:3      | Noticed Crazy Yiuf
  3593 | D:3      | Noticed Grinder
  3602 | D:3      | Killed Grinder
  3603 | D:3      | Reached skill level 1 in Staves
  3603 | D:3      | Reached XP level 7. HP: 39/41 MP: 12/12
  3777 | D:4      | Found an ornate altar of the Wu Jian Council.
  3860 | D:4      | Found Tucibru's Weapon Emporium.
  4098 | D:4      | Found Nueniph's Distillery.
  4150 | D:4      | Found a staircase to the Ecumenical Temple.
  4161 | Temple   | Entered the Ecumenical Temple
  4298 | D:4      | Noticed Eustachio
  4318 | D:4      | Killed Eustachio
  4319 | D:4      | Reached skill level 5 in Conjurations
  4891 | D:3      | Killed Crazy Yiuf
  4892 | D:3      | Reached skill level 6 in Earth Magic
  4944 | D:3      | Bought a scroll labelled QEMIKH UTEDEA for 24 gold pieces
  4944 | D:3      | Bought a scroll labelled YFIRHO PUAHUH for 24 gold pieces
  4965 | D:5      | Entered Level 5 of the Dungeon
  4972 | D:5      | Noticed Blork the orc
  4985 | D:5      | Killed from afar by Blork the orc

Illustrated notes

Levels and vault maps discovered:
D:1:      minmay_arrival_cross, layout_basic,
          shapermc_ecumenical_altar_notcrosses, kennysheep_doodads,
          hangedman_abyss_or_decor_lesser_grid, chequers_serial_rivers_large_b
D:2:      layout_loops_ring, uniq_sigmund, uniq_robin
D:3:      layout_rooms, serial_shops, nicolae_shop_stone, shop,
          chequers_serial_rivers_micro_c, hangedman_decor_lopped,
          uniq_crazy_yiuf_cottage, uniq_grinder, uniq_jessica
D:4:      layout_basic, nzn_wu_jian_council_hall, minmay_temple_entry_crystal_x,
          serial_shops, shop, nicolae_shop_tiny_waterfront, uniq_eustachio
D:5:      layout_loops_ring, biasface_ghost_orc_armoury,
          minmay_misc_feat_diagonals, kennysheep_big_empty_room,
          uniq_blork_the_orc
Temple:   sentei_temple_godly_chess

Skill      XL: |  1  2  3  4  5  6  7 |
---------------+----------------------+-----
Fighting       | 1 2 3 |  3.0
Earth Magic    | 4 5 6 |  6.0
Conjurations   | 1 3 4 5 |  5.3
Spellcasting   | 3 4 |  4.0
Staves         | 1 2 |  2.2
Dodging        | |  1.5
Stealth        | |  2.1
Transmutations | |  0.7

Action                     |  1- 3 |  4- 6 |  7- 9 || total
---------------------------+-------+-------+-------++-------
  Melee: Unarmed           |     1 |       |       ||     1
         Whip              |    26 |     1 |       ||    27
         Punch             |     1 |       |       ||     1
         Quarterstaff      |       |    16 |    23 ||    39
   Cast: Sandblast         |    47 |    46 |     2 ||    95
         Stone Arrow       |       |     5 |     6 ||    11
  Evoke: Wand              |       |     6 |       ||     6
    Use: Potion            |       |     1 |     1 ||     2
         Scroll            |       |       |     4 ||     4
 Armour: Robe              |    14 |       |       ||    14
         Animal skin       |     1 |    13 |    10 ||    24
  Dodge: Dodged            |    28 |    23 |    15 ||    66
